 Dungeon Crawl Stone Soup version 0.30-a0-1006-g5d778dfbfc (webtiles) character file.

Game seed: 10211642303292419503

117 kae the Insei (level 4, 0/31 (32) HPs)
             Began as a Demonspawn Transmuter on Apr 5, 2023.
             Slain by a gnoll
             ... wielding a +0 flail of draining
             ... led by a gnoll bouda
              (7 damage)
             ... on level 3 of the Dungeon.
             The game lasted 00:02:32 (2338 turns).

kae the Insei (Demonspawn Transmuter)               Turns: 2338, Time: 00:02:33

HP:   0/31 (32)     AC:  2    Str: 10    XL:     4   Next: 71%
MP:   5/8           EV: 19    Int: 16    God:
Gold: 154           SH:  0    Dex: 19    Spells: 2/8 levels left

rFire   . . .      SeeInvis .      - Unarmed
rCold   . . .      Faith    .    (shield currently unavailable)
rNeg    . . .      Spirit   .    a - melded +0 robe
rPois   x          Reflect  .    (helmet currently unavailable)
rElec   .          Rampage  .    (cloak currently unavailable)
rCorr   .                        (gloves currently unavailable)
Will    .....                    (boots currently unavailable)
Stlth   ++                       (no amulet)
HPRegen 0.25/turn                (no ring)
MPRegen 0.11/turn                (no ring)

@: spider-form (expiring), wereblooded, lightly drained
A: venomous fangs, tiny, (claws 1)
a: End Transformation


You were on level 3 of the Dungeon.
You were a venomous arachnid creature.
You visited 1 branch of the dungeon, and saw 4 of its levels.

You collected 154 gold pieces.


Innate Abilities, Weirdness & Mutations

You are a venomous arachnid creature.
You have venomous fangs.
You are tiny and dextrous.
Your spellcasting is less reliable in this form.
Your armour is entirely melded.
You are incapable of wielding weapons or throwing items.
((You have sharp fingernails.))


   Skills:
 - Level 1.0 Fighting
 - Level 1.7 Dodging
 + Level 3.2 Unarmed Combat
 + Level 2.7 Spellcasting
 * Level 3.2 Transmutations
 * Level 1.4 Poison Magic


You had 2 spell levels left.
You knew the following spells:

 Your Spells              Type           Power      Damage    Failure   Level
a - Beastly Appendage     Tmut           24%        N/A       14%         1
b - Wereblood             Tmut           12%        N/A       21%         2
c - Spider Form           Tmut/Pois      9%         N/A       43%         3

Your spell library contained the following spells:

 Spells                   Type           Power      Damage    Failure   Level
 Ice Form                 Ice/Tmut       7%         N/A       86%         4

Inventory:

Missiles
 d - 30 stones
Armour
 a - a +0 robe (melded)
Scrolls
 k - 2 scrolls of blinking {!r}
Potions
 b - 2 potions of lignification {!q}
 g - a potion of haste {unknown}
 h - 2 potions of curing {@q1}
 j - 2 potions of flight
 l - a potion of degeneration {!q}
 n - a potion of ambrosia
 o - a potion of berserk rage {!q}

Dungeon Overview and Level Annotations

Branches:
Dungeon (4/15) Zot: 21668  Temple (0/1) D:4

Altars:

Annotations:
D:3 3 runed translucent doors, Reshi88's ghost, amateur SpHs

.................#######+#.##..#.
......######.[...#######.#.......
######8.# #......#.....#.##.#####
.....#..# #....#.#.##.......)....
.##..#..###....#.#......##..#####
.8#..#...........###.......##
.##..#.........#####<...####
...#o#..##.....####.....#
...#o+..##....)gsg......#########
.8o#o+.....#########.............
...#o+..#### #....#########
...#o#..# #########....#
.##.W#..# #.........####
.8#.o#..# ###.#######
.##.)#..######.# .....#.........#
######8.########


You could see 2 gnolls.


Message History

The orc shouts! x2
Found a roughly hewn altar of Beogh. 😎 HP[+5] MP[+2]
Your hp is fully restored (32).
Your mp is fully restored (8).
Key pressed, stopping explore.
Could not explore, unopened runed door.
Could not explore, unopened runed door.
Could not explore, unopened runed door.
Could not explore, unopened runed door.
(D) Dungeon
Where to? (Enter - D:3, ? - help)
There is a stone staircase leading down here.
You climb downwards.
There is a stone staircase leading up here.
As you read the scroll labelled ITHIPR VOUKK, it crumbles to dust.
A profound silence engulfs you.
It was a scroll of silence.
A gnoll comes into view. It is wielding a +0 club.
Found a staircase to the Ecumenical Temple.
A gnoll comes into view. It is wielding a +0 flail of draining.
The gnoll moves out of view.
A sleepcap comes into view.
A gnoll comes into view. It is wielding a +0 whip.
There is a stone staircase leading up here.
You climb upwards.
Level annotation: 3 runed translucent doors, Reshi88's ghost, amateur SpHs
There is a stone staircase leading down here.
You start waiting.
Your hearing returns.
Casting: Beastly Appendage (safe; 5% risk of failure)
Confirm with . or Enter, or press ? or * to list all spells.
The spell is quite dangerous to miscast (24% risk of failure)!
Continue anyway? [Y]es or [N]o only, please.
The spell is quite dangerous to miscast (24% risk of failure)!
Continue anyway? [Y]es or [N]o only, please.
The spell is quite dangerous to miscast (24% risk of failure)!
Continue anyway?
You turn into a venomous arachnid creature.
Your +0 robe melds into your body. 😎 MP[-3]
You lost 3 mp, and now have 5/8 mp.
Casting: Spider Form (extremely dangerous; 45% risk of failure)
Confirm with . or Enter, or press ? or * to list all spells.
Your blood is infused with primal strength. 😎 MP[-2]
You lost 2 mp, and now have 3/8 mp.
You climb downwards.
The sleepcap releases spores at you.
There is a stone staircase leading up here. 😕 HP[-2]
You take 2 damage, and now have 30/32 hp.
You bite the sleepcap! The sleepcap misses you.
You bite the sleepcap! The sleepcap misses you.
You hit the sleepcap but do no damage. The gnoll barely misses you.
The sleepcap closely misses you. 😕 MP[+1]
You hit the sleepcap but do no damage.
The sleepcap is poisoned.
The sleepcap closely misses you. 😕 HP[+1]
You hit the gnoll.
Your transformation is almost over.
The gnoll hits you with a +0 whip.
The sleepcap completely misses you. 😕 HP[-1]
You take 1 damage, and now have 30/32 hp.
You hit the gnoll.
The gnoll is poisoned.
A gnoll comes into view. It is wielding a +0 club.
The gnoll hits you with a +0 whip. The gnoll closely misses you.
The sleepcap closely misses you. 😕 HP[-4]
You take 4 damage, and now have 26/32 hp.
You hit the gnoll but do no damage.
The gnoll looks as sick as possible!
The gnoll hits you with a +0 whip! The gnoll closely misses you.
The sleepcap completely misses you. 😮 HP[-9]
You take 9 damage, and now have 17/32 hp.
MASSIVE DAMAGE!! (PAUSE)
You bite the sleepcap!
You feel a bit better.
You destroy the sleepcap!
The gnoll completely misses you. x2 😮 HP[+2]
You regained 2 hp, and now have 19/32 hp.
The gnoll hits you with a +0 club!
* * * LOW HITPOINT WARNING * * *
The gnoll completely misses you.
The gnoll hits you with a +0 flail of draining.
* * * LOW HITPOINT WARNING * * *
You feel drained.
* * * LOW HITPOINT WARNING * * *
You climb upwards.
Level annotation: 3 runed translucent doors, Reshi88's ghost, amateur SpHs You hiss as the wereblood boils in your veins!
There is a stone staircase leading down here. 😱 HP[-13]
You now have 31 max hp (-1).
You take 13 damage, and now have 6/31 hp.
MASSIVE DAMAGE!! (PAUSE)
You hit the gnoll but do no damage.
The gnoll is poisoned.
The gnoll misses you. The gnoll closely misses you. 😱 HP[+1]
You hit the gnoll.
The gnoll looks even sicker.
You kill the gnoll!
The gnoll hits you with a +0 flail of draining!
You die...

Skill      XL: |  1  2  3  4 |
---------------+-------------+-----
Transmutations | 2 3 |  3.2
Unarmed Combat | 3 |  3.2
Poison Magic   | 1 |  1.4
Fighting       | |  1.0
Dodging        | |  1.7
Spellcasting   | |  2.7

Action                     |  1- 3 |  4- 6 || total
---------------------------+-------+-------++-------
  Melee: Unarmed           |    94 |    54 ||   148
         Headbutt          |     6 |     2 ||     8
         Kick              |    11 |     9 ||    20
         Punch             |       |     1 ||     1
   Cast: Beastly Appendage |    14 |     6 ||    20
         Spider Form       |     2 |     4 ||     6
         Wereblood         |       |     1 ||     1
    Use: Potion            |     2 |       ||     2
         Scroll            |       |    10 ||    10
 Armour: Robe              |    13 |     2 ||    15
         Skin              |    29 |     1 ||    30
  Dodge: Dodged            |    65 |    36 ||   101

Levels and vault maps discovered:
D:1:      dpeg_arrival_simpleton_c, layout_rooms
D:2:      layout_loops_cross, basic_altar
D:3:      layout_basic, biasface_ghost_orc_armoury, minmay_misc_feat_pillars
D:4:      layout_loops_ring, minmay_temple_entry_overgrown, serial_shops,
          nicolae_shop_stone, kennysheep_mini, nicolae_shop_behind_doors,
          minmay_misc_feat_more_columns, minmay_misc_feat_rows

Notes
Turn   | Place    | Note
-------+----------+-------------------------------------------
     0 | D:1      | kae the Demonspawn Transmuter began the quest for the Orb.
     0 | D:1      | Reached XP level 1. HP: 15/15 MP: 3/3
     0 | D:1      | magus.rc [v1.11.3]
    47 | D:1      | Reached skill level 2 in Transmutations
   306 | D:1      | You feel monstrous as your demonic heritage exerts itself.
   306 | D:1      | Discovered your monstrous ancestry.
   306 | D:1      | Gained mutation: You have sharp fingernails. [demonic
                  | ancestry]
   306 | D:1      | Reached XP level 2. HP: 21/21 MP: 3/5
   312 | D:1      | Learned a level 2 spell: Wereblood
   554 | D:2      | HP: 5/21 [goblin/+0 club (2)]
   562 | D:2      | Reached skill level 3 in Unarmed Combat
   562 | D:2      | Reached XP level 3. HP: 19/26 MP: 4/6
   624 | D:2      | Learned a level 3 spell: Spider Form
  1090 | D:2      | Reached skill level 1 in Poison Magic
  1094 | D:2      | Reached XP level 4. HP: 16/32 MP: 7/7
  1268 | D:2      | Reached skill level 3 in Transmutations
  1936 | D:3      | Found a runed translucent gate.
  1936 | D:3      | Found a runed translucent gate.
  1939 | D:3      | Found a runed translucent gate.
  1940 | D:3      | Noticed Reshi88's ghost (amateur SpHs)
  1941 | D:3      | Identified the +9 mace "Ceogufrafa" {venom, Will+}
  2300 | D:4      | Found a staircase to the Ecumenical Temple.
  2335 | D:4      | HP: 7/32 [gnoll/+0 flail of draining[a gnoll bouda] (4)]
  2338 | D:3      | Slain by a gnoll

Vanquished Creatures
  A sleepcap (D:4)
  A gnoll (D:3)
  5 adders (D:2)
  A dart slug (D:2)
  4 endoplasms
  4 giant cockroaches
  4 goblins (D:2)
  7 hobgoblins
  3 quokkas
  4 ball pythons
  2 bats
  4 frilled lizards
  5 kobolds
  2 rats
47 creatures vanquished.

Vanquished Creatures (others)
  A plant (D:4)
1 creature vanquished.

Grand Total: 48 creatures vanquished

Table legend:
 A = Non-vault XP
 B = Vault XP
 C = Vault XP percentage of total XP
 D = Non-vault monster count
 E = Vault monster count
 F = Vault count percentage of total count
                 A         B        C        D         E       F
            +---------+---------+-------+---------+---------+-------
      Total |     183 |       0 |   0.0 |      47 |       0 |   0.0
            +---------+---------+-------+---------+---------+-------
        D:1 |      15 |       0 |   0.0 |       9 |       0 |   0.0
        D:2 |     104 |       0 |   0.0 |      28 |       0 |   0.0
        D:3 |      28 |       0 |   0.0 |       9 |       0 |   0.0
        D:4 |      36 |       0 |   0.0 |       1 |       0 |   0.0
            +---------+---------+-------+---------+---------+-------

Illustrated notes

Table legend:
 A = Kills in this place as a percentage of kills in the entire game.
 B = Kills by you in this place as a percentage of kills by you in the entire game.
 C = Kills by friends in this place as a percentage of kills by friends in the entire game.
 D = Other kills in this place as a percentage of other kills in the entire game.
 E = Experience gained in this place as a percentage of experience gained in the entire game.
 F = Experience gained in this place divided by the number of levels of this place that you have seen.
                   A       B       C       D       E      F
               +-------+-------+-------+-------+-------+----------------------
         Total | 100.0 | 100.0 |   N/A |   N/A | 100.0 |  45.8
       Dungeon | 100.0 | 100.0 |   N/A |   N/A | 100.0 |  45.8
               +-------+-------+-------+-------+-------+----------------------

Table legend: (Time is in decaauts)
 A = Elapsed time spent in this place.
 B = Non-inter-level travel time spent in this place.
 C = Inter-level travel time spent in this place.
 D = Time resting spent in this place.
 E = Time spent auto-exploring this place.
 F = Levels seen in this place.
 G = Mean time per level.
                   A        B        C        D        E       F      G
               +--------+--------+--------+--------+--------+-----+--------+
         Total |   2330 |   2255 |     75 |     63 |   1832 |   4 |  582.5 |
       Dungeon |   2330 |   2255 |     75 |     63 |   1832 |   4 |  582.5 |
               +--------+--------+--------+--------+--------+-----+--------+

Top non-repeatable levels by time:
     D:2: 1140 daAuts
     D:3: 628 daAuts
     D:1: 538 daAuts
     D:4: 23 daAuts
